% Time on Ice - SAN DIEGO THUNDER
Lines # - Real PCT - Wanted PCT - Time Play
Normal Forward
1 - 33% - 36% - 14:39
2 - 30% - 31% - 13:23
3 - 24% - 23% - 10:35
4 - 14% - 10% - 6:06
Normal Defense
1 - 36% - 36% - 16:14
2 - 30% - 31% - 13:33
3 - 31% - 23% - 13:47
4 - 3% - 10% - 1:09
PP Forward
1 - 47% - 55% - 2:01
2 - 53% - 45% - 2:15
PP Defense
1 - 50% - 55% - 2:07
2 - 50% - 45% - 2:09
PK Forward
1 - 57% - 55% - 5:07
2 - 43% - 45% - 3:55
PK Defense
1 - 59% - 55% - 5:18
2 - 41% - 45% - 3:44
PK3 Forward
1 - 0% - 55%
2 - 0% - 45%
PK3 Defense
1 - 0% - 55%
2 - 0% - 45%
44 Forward
1 - 62% - 55% - 1:14
2 - 38% - 45% - 0:45
44 Defense
1 - 50% - 55% - 1:00
2 - 50% - 45% - 0:59
Last Minute Offensive  - 0:00
Last Minute Defensive  - 0:00
Total
Forward - 60:00
Defense - 60:00
% Time on Ice - ANAHEIM OUTLAWS
Lines # - Real PCT - Wanted PCT - Time Play
Normal Forward
1 - 30% - 36% - 13:30
2 - 29% - 31% - 12:55
3 - 23% - 23% - 10:11
4 - 18% - 10% - 8:07
Normal Defense
1 - 36% - 36% - 16:07
2 - 32% - 31% - 14:19
3 - 29% - 23% - 13:10
4 - 2% - 10% - 1:07
PP Forward
1 - 60% - 55% - 5:26
2 - 40% - 45% - 3:36
PP Defense
1 - 59% - 55% - 5:21
2 - 41% - 45% - 3:41
PK Forward
1 - 57% - 55% - 2:27
2 - 43% - 45% - 1:49
PK Defense
1 - 45% - 55% - 1:56
2 - 55% - 45% - 2:20
PK3 Forward
1 - 0% - 55%
2 - 0% - 45%
PK3 Defense
1 - 0% - 55%
2 - 0% - 45%
44 Forward
1 - 66% - 55% - 1:19
2 - 34% - 45% - 0:40
44 Defense
1 - 46% - 55% - 0:55
2 - 54% - 45% - 1:04
Last Minute Offensive  - 0:00
Last Minute Defensive  - 0:00
Total
Forward - 60:00
Defense - 60:00
Play-by-Play 1st period 0:01 of 1st period - Wyatt Johnston wins face-off versus Joey Anderson in neutral zone. 0:01 of 1st period - Charles McAvoy is hit by Evgeny Kuznetsov and loses puck. 0:13 of 1st period - Shot by Evgeny Kuznetsov. 0:13 of 1st period - Shot Blocked by Erik Cernak. 0:25 of 1st period - Shot by Charles McAvoy. 0:25 of 1st period - Stopped by Jacob Markstrom without a rebound. 0:26 of 1st period - Drake Batherson wins face-off versus Carter Verhaeghe in ANAHEIM OUTLAWS zone. 0:58 of 1st period - Shot by Drake Batherson. 0:58 of 1st period - Shot Hit the Post. 1:00 of 1st period - Shot by Connor Murphy. 1:00 of 1st period - Stopped by Jacob Markstrom without a rebound. 1:01 of 1st period - Pius Suter wins face-off versus Filip Zadina in ANAHEIM OUTLAWS zone. 1:13 of 1st period - Shot by Pius Suter. 1:13 of 1st period - Shot Misses the Net. 1:23 of 1st period - Shot by Steven Lorentz. 1:23 of 1st period - Shot Misses the Net. 1:25 of 1st period - Shot by Elmer Soderblom. 1:25 of 1st period - Shot Blocked by Rasmus Ristolainen. 1:27 of 1st period - Shot by Alexandre Carrier. 1:27 of 1st period - Shot Misses the Net. 1:35 of 1st period - Minor Penalty to Steven Lorentz for Hooking. 1:36 of 1st period - Joey Anderson wins face-off versus Drake Batherson in SAN DIEGO THUNDER zone. 2:00 of 1st period - Michael Bunting is hit by Charles McAvoy and loses puck. 3:08 of 1st period - Shot by Jeff Skinner. 3:08 of 1st period - Stopped by Connor Hellebuyck without a rebound. 3:09 of 1st period - Joel Farabee wins face-off versus Joey Anderson in SAN DIEGO THUNDER zone. 3:30 of 1st period - Shot by Michael Bunting. 3:30 of 1st period - Shot Misses the Net. 3:32 of 1st period - Shot by Joey Anderson. 3:32 of 1st period - Stopped by Connor Hellebuyck without a rebound. 3:33 of 1st period - Drake Batherson wins face-off versus Kevin Fiala in SAN DIEGO THUNDER zone. 3:50 of 1st period - Shot by Kevin Fiala. 3:50 of 1st period - Shot Blocked by Alexandre Carrier. 4:29 of 1st period - Off-side. 4:30 of 1st period - Wyatt Johnston wins face-off versus Adrian Kempe in neutral zone. 5:07 of 1st period - Shot by Carter Verhaeghe. 5:07 of 1st period - Shot Misses the Net. 5:09 of 1st period - Shot by Adrian Kempe. 5:09 of 1st period - Deflect By Carter Verhaeghe. 5:09 of 1st period - Shot Blocked by Isac Lundestrom. 5:11 of 1st period - Shot by Michael Bunting. 5:11 of 1st period - Shot Blocked by Charles McAvoy. 5:20 of 1st period - Evander Kane is hit by Jacob Trouba and loses puck. 5:55 of 1st period - Shot by Joel Farabee. 5:55 of 1st period - Stopped by Jacob Markstrom without a rebound. 5:56 of 1st period - Kent Johnson wins face-off versus Mark Kastelic in ANAHEIM OUTLAWS zone. 5:56 of 1st period - Kent Johnson is hit by Mark Kastelic. 6:01 of 1st period - Kent Johnson is hit by Derek Forbort and loses puck. 6:27 of 1st period - Rasmus Ristolainen is hit by Michael Pezzetta and loses puck. 6:42 of 1st period - Shot by Drake Batherson. 6:42 of 1st period - Deflect By Joel Farabee. 6:42 of 1st period - Stopped by Jacob Markstrom without a rebound. 6:43 of 1st period - Jake Neighbours wins face-off versus Joey Anderson in ANAHEIM OUTLAWS zone. 7:03 of 1st period - Evgeny Kuznetsov is hit by Alexandre Carrier and loses puck. 7:26 of 1st period - Shot by Evgeny Kuznetsov. 7:26 of 1st period - Stopped by Connor Hellebuyck without a rebound. 7:27 of 1st period - Wyatt Johnston wins face-off versus Carter Verhaeghe in SAN DIEGO THUNDER zone. 7:37 of 1st period - Shot by Wyatt Johnston. 7:37 of 1st period - Stopped by Jacob Markstrom without a rebound. 7:38 of 1st period - Steven Lorentz wins face-off versus Pius Suter in ANAHEIM OUTLAWS zone. 8:45 of 1st period - Shot by Carter Verhaeghe. 8:45 of 1st period - Stopped by Connor Hellebuyck with a rebound. 9:33 of 1st period - Shot by Jeff Skinner. 9:33 of 1st period - Deflect By Evgeny Kuznetsov. 9:33 of 1st period - Stopped by Connor Hellebuyck without a rebound. 9:34 of 1st period - Kevin Fiala wins face-off versus Drake Batherson in SAN DIEGO THUNDER zone. 9:47 of 1st period - Shot by Joel Farabee. 9:47 of 1st period - Stopped by Jacob Markstrom with a rebound. 9:53 of 1st period - Drake Batherson is hit by David Gustafsson and loses puck. 10:13 of 1st period - Minor Penalty to Pierre Engvall for Interference. 10:14 of 1st period - Kent Johnson wins face-off versus Drake Batherson in ANAHEIM OUTLAWS zone. 10:24 of 1st period - Shot by Joel Farabee. 10:24 of 1st period - Shot Misses the Net. 10:26 of 1st period - Shot by Connor Murphy. 10:26 of 1st period - Shot Misses the Net. 10:28 of 1st period - Shot by Drake Batherson. 10:28 of 1st period - Shot Misses the Net. 11:10 of 1st period - Shot by Michael Bunting. 11:10 of 1st period - Shot Blocked by Erik Cernak. 12:00 of 1st period - Icing by Drake Batherson. 12:01 of 1st period - Drake Batherson wins face-off versus Kent Johnson in SAN DIEGO THUNDER zone. 12:34 of 1st period - Shot by Adam Boqvist. 12:34 of 1st period - Stopped by Jacob Markstrom without a rebound. 12:35 of 1st period - Adrian Kempe wins face-off versus Wyatt Johnston in ANAHEIM OUTLAWS zone. 12:44 of 1st period - Shot by Jacob Trouba. 12:44 of 1st period - Shot Misses the Net. 12:46 of 1st period - Shot by Michael Bunting. 12:46 of 1st period - Stopped by Connor Hellebuyck with a rebound. 12:48 of 1st period - Shot by Adrian Kempe. 12:48 of 1st period - Shot Misses the Net. 12:54 of 1st period - Shot by Michael Bunting. 12:54 of 1st period - Stopped by Connor Hellebuyck without a rebound. 12:55 of 1st period - Joey Anderson wins face-off versus Steven Lorentz in SAN DIEGO THUNDER zone. 13:23 of 1st period - Icing by Evgeny Kuznetsov. 13:24 of 1st period - Evgeny Kuznetsov wins face-off versus Wyatt Johnston in ANAHEIM OUTLAWS zone. 13:43 of 1st period - Shot by Jeff Skinner. 13:43 of 1st period - Stopped by Connor Hellebuyck without a rebound. 13:44 of 1st period - Adrian Kempe wins face-off versus Drake Batherson in SAN DIEGO THUNDER zone. 13:49 of 1st period - Shot by Adrian Kempe. 13:49 of 1st period - Stopped by Connor Hellebuyck without a rebound. 13:50 of 1st period - Drake Batherson wins face-off versus Adrian Kempe in SAN DIEGO THUNDER zone. 14:17 of 1st period - Shot by Michael Bunting. 14:17 of 1st period - Stopped by Connor Hellebuyck without a rebound. 14:18 of 1st period - Pius Suter wins face-off versus Wyatt Johnston in SAN DIEGO THUNDER zone. 14:19 of 1st period - Shot by Jack Quinn. 14:19 of 1st period - Deflect By Kent Johnson. 14:19 of 1st period - Shot Misses the Net. 14:29 of 1st period - Shot by Evander Kane. 14:29 of 1st period - Deflect By Wyatt Johnston. 14:29 of 1st period - Shot Misses the Net. 14:31 of 1st period - Shot by Evander Kane. 14:31 of 1st period - Stopped by Jacob Markstrom without a rebound. 14:32 of 1st period - Steven Lorentz wins face-off versus Joey Anderson in ANAHEIM OUTLAWS zone. 14:35 of 1st period - Shot by Elmer Soderblom. 14:35 of 1st period - Shot Blocked by Morgan Rielly. 14:48 of 1st period - Steven Lorentz is hit by Jacob Trouba. 15:25 of 1st period - Jacob Trouba is hit by Erik Cernak and loses puck. 16:27 of 1st period - Minor Penalty to Michael Bunting for Holding. 16:28 of 1st period - Wyatt Johnston wins face-off versus Kent Johnson in ANAHEIM OUTLAWS zone. 18:56 of 1st period - Minor Penalty to Derek Forbort for Roughing. 18:57 of 1st period - Drake Batherson wins face-off versus Joey Anderson in SAN DIEGO THUNDER zone. 19:06 of 1st period - Shot by Michael Bunting. 19:06 of 1st period - Shot Misses the Net. 19:47 of 1st period - Icing by Morgan Rielly. 19:48 of 1st period - Kevin Fiala wins face-off versus Joel Farabee in ANAHEIM OUTLAWS zone. 19:53 of 1st period - Joel Farabee is hit by Kent Johnson. Goals for this period are 0 for SAN DIEGO THUNDER vs 0 for ANAHEIM OUTLAWS. Shots for this period are 8 for SAN DIEGO THUNDER vs 10 for ANAHEIM OUTLAWS. 2nd period 0:01 of 2nd period - Drake Batherson wins face-off versus Kevin Fiala in neutral zone. 0:12 of 2nd period - Connor Murphy is hit by Jeff Skinner and loses puck. 1:06 of 2nd period - Adrian Kempe is hit by Erik Cernak and loses puck. 1:09 of 2nd period - Shot by Carter Verhaeghe. 1:09 of 2nd period - Stopped by Connor Hellebuyck without a rebound. 1:10 of 2nd period - Wyatt Johnston wins face-off versus Adrian Kempe in SAN DIEGO THUNDER zone. 2:00 of 2nd period - Icing by Noah Hanifin. 2:01 of 2nd period - Drake Batherson wins face-off versus Carter Verhaeghe in ANAHEIM OUTLAWS zone. 2:36 of 2nd period - Shot by Evgeny Kuznetsov. 2:36 of 2nd period - Stopped by Connor Hellebuyck with a rebound. 3:26 of 2nd period - Shot by Elmer Soderblom. 3:26 of 2nd period - Stopped by Jacob Markstrom without a rebound. 3:27 of 2nd period - Kevin Fiala wins face-off versus Wyatt Johnston in ANAHEIM OUTLAWS zone. 3:29 of 2nd period - Icing by Pierre Engvall. 3:30 of 2nd period - Wyatt Johnston wins face-off versus Kevin Fiala in ANAHEIM OUTLAWS zone. 3:41 of 2nd period - Shot by Evander Kane. 3:41 of 2nd period - Stopped by Jacob Markstrom without a rebound. 3:42 of 2nd period - Pius Suter wins face-off versus Drake Batherson in ANAHEIM OUTLAWS zone. 3:53 of 2nd period - Shot by Joel Farabee. 3:53 of 2nd period - Goal by Joel Farabee - SAN DIEGO THUNDER : 1 - ANAHEIM OUTLAWS : 0. 3:54 of 2nd period - Wyatt Johnston wins face-off versus Joey Anderson in neutral zone. 3:56 of 2nd period - Evander Kane is hit by Morgan Rielly and loses puck. 4:03 of 2nd period - Shot by Isac Lundestrom. 4:03 of 2nd period - Shot Misses the Net. 4:50 of 2nd period - Icing by Evgeny Kuznetsov. 4:51 of 2nd period - Drake Batherson wins face-off versus Joey Anderson in ANAHEIM OUTLAWS zone. 5:10 of 2nd period - Shot by Joel Farabee. 5:10 of 2nd period - Stopped by Jacob Markstrom without a rebound. 5:11 of 2nd period - Steven Lorentz wins face-off versus Adrian Kempe in ANAHEIM OUTLAWS zone. 6:10 of 2nd period - Shot by Isac Lundestrom. 6:10 of 2nd period - Shot Misses the Net. 6:24 of 2nd period - Shot by Isac Lundestrom. 6:24 of 2nd period - Stopped by Jacob Markstrom without a rebound. 6:25 of 2nd period - Pius Suter wins face-off versus Drake Batherson in ANAHEIM OUTLAWS zone. 6:31 of 2nd period - Off-side. 6:32 of 2nd period - Pius Suter wins face-off versus Jake Neighbours in neutral zone. 6:3